 Dungeon Crawl Stone Soup version bcrawl-1.19.2-6-g6a88ae04c9 (webtiles) character file.

Game seed: 9236447765860547617

243 Mrkan the Chopper (level 5, -5/42 HPs)
             Began as a Minotaur Fighter on Dec 29, 2019.
             Was a Follower of Hepliaklqana.
             Splashed by a jelly's acid (8 damage)
             ... on level 3 of the Dungeon.
             The game lasted 00:03:33 (2487 turns).

Mrkan the Chopper (Minotaur Fighter)                Turns: 2487, Time: 00:03:33

Health: -5/42      AC: -4    Str: 20    XL:     5   Next: 82%
Magic:  4/4        EV:  7    Int:  5    God:    Hepliaklqana [*.....]
Gold:   183        SH:  9    Dex: 11    Spells: 4/4 levels left

rFire    . . .     SeeInvis .   a - +0 war axe
rCold    . . .     Gourm    .   c - +0 shield
rNeg     . . .     Faith    .   b - +0 scale mail
rPois    .         Spirit   .   (helmet restricted)
rElec    .         Reflect  .   (no cloak)
rCorr    .         Harm     .   (no gloves)
MR       .....                  (no boots)
Stlth    ..........             (no amulet)
HPRegen  0.14/turn              (no ring)
MPRegen  0.09/turn              (no ring)

@: corroded
A: retaliatory headbutt, reduced essence, horns 2
a: Recall Ancestor, Ancestor Identity, Renounce Religion


You were on level 3 of the Dungeon.
You worshipped Hepliaklqana.
Hepliaklqana was aware of your devotion.
You were not hungry.

You visited 1 branch of the dungeon, and saw 3 of its levels.

You collected 183 gold pieces.

Inventory:

Hand Weapons
 a - a +0 war axe (weapon)
Armour
 b - a +0 scale mail (worn)
 c - a +0 shield (worn)
Wands
 r - a wand of polymorph (7)
Scrolls
 h - 4 scrolls of identify {unknown}
 i - 2 scrolls of enchant weapon {unknown}
 l - 2 scrolls of enchant armour {unknown}
 m - 3 scrolls of teleportation {unknown}
 n - a scroll of remove curse {unknown}
 o - a scroll of amnesia {unknown}
 q - a scroll of blinking {unknown}
Potions
 d - 2 potions of might
 e - 2 potions of lignification {unknown}
 g - 2 potions of heal wounds {unknown}
 j - a potion of cancellation {unknown}
 k - a potion of curing {unknown}
 p - a potion of agility {unknown}
 s - 2 potions of degeneration {unknown}
 t - a potion of brilliance {unknown}
Comestibles
 f - 4 rations {!d}


   Skills:
 + Level 4.8 Fighting
 * Level 5.1 Axes
 + Level 4.7 Armour
 - Level 0.2 Dodging
 + Level 4.7 Shields


You had 4 spell levels left.
You didn't know any spells.
Your spell library was empty.

Dungeon Overview and Level Annotations

Branches:
Dungeon (3/12)

Altars:
Fedhas
Hepliaklqana
Nemelex Xobeh
Vehumet


Innate Abilities, Weirdness & Mutations

You reflexively headbutt those who attack you in melee.
You have a pair of horns on your head.
Your life essence is reduced to manifest your ancestor. (-10% HP)


Message History

You slash the hobgoblin!
You kill the hobgoblin!
You block the orc's attack.
You hit the orc. You headbutt the orc.
You kill the orc!
You hit the jelly. The acid corrodes you!
Your hands burn!
The jelly is lightly wounded.
The jelly hits you.
You are splashed with acid.
You hit the jelly. The acid corrodes you!
Your hands burn!
The jelly is heavily wounded.
The jelly hits you.
You are splashed with acid!
The jelly hits you.
You are splashed with acid!
* * * LOW HITPOINT WARNING * * *
You hit the jelly.
Your hands burn!
* * * LOW HITPOINT WARNING * * *
The jelly is severely wounded.
The jelly hits you.
* * * LOW HITPOINT WARNING * * *
The acid corrodes you!
You are splashed with acid!
You die...

. ... ### #####.....
#.## ###R@Jog....
########..###...####....
...........##<### .
...........#..#
.............##
............##
............#
............# #.#
..........#.# ..#


You could see the friendly Publius the ancestor, a jelly, an orc and a
hobgoblin.

Vanquished Creatures
  An ogre (D:2)
  3 gnolls (D:2)
  An adder (D:3)
  2 oozes (D:2)
  4 worms
  A dart slug (D:1)
  2 leopard geckos
  An orc (D:3)
  8 bats
  A giant cockroach (D:2)
  4 goblins
  4 hobgoblins
  2 jackals (D:3)
  3 quokkas
  6 frilled lizards
  10 kobolds
  8 rats
61 creatures vanquished.

Vanquished Creatures (collateral kills)
  Ijyb (D:3)
  A gnoll (D:2)
  A goblin (D:2)
  A hobgoblin (D:3)
  A kobold (D:3)
  A quokka (D:3)
  A rat (D:2)
7 creatures vanquished.

Vanquished Creatures (others)
  2 ancestors
2 creatures vanquished.

Grand Total: 70 creatures vanquished

Notes
Turn   | Place    | Note
-------+----------+-------------------------------------------
     0 | D:1      | Mrkan the Minotaur Fighter began the quest for the Orb.
     0 | D:1      | Reached XP level 1. HP: 19/19 MP: 0/0
   162 | D:1      | Reached XP level 2. HP: 23/27 MP: 1/1
   264 | D:1      | Reached skill level 3 in Axes
   551 | D:1      | Reached XP level 3. HP: 29/33 MP: 2/2
   859 | D:2      | Found a hazy altar of Hepliaklqana.
   885 | D:2      | Became a worshipper of Hepliaklqana the Forgotten
   957 | D:2      | Reached XP level 4. HP: 26/36 MP: 3/3
   961 | D:2      | Reached skill level 4 in Axes
  1344 | D:2      | Found a sparkling altar of Nemelex Xobeh.
  1536 | D:2      | Reached * piety under Hepliaklqana
  1847 | D:3      | Found a radiant altar of Vehumet.
  1847 | D:3      | Noticed an ogre
  1854 | D:3      | Noticed Ijyb
  2120 | D:2      | Killed an ogre
  2120 | D:2      | Reached XP level 5. HP: 9/42 MP: 4/4
  2356 | D:3      | Killed Ijyb
  2389 | D:3      | Found a blossoming altar of Fedhas.
  2414 | D:3      | Reached skill level 5 in Axes
  2487 | D:3      | Splashed by a jelly's acid

Skill      XL: |  1  2  3  4  5 |
---------------+----------------+-----
Axes           | 3 4 5 |  5.1
Fighting       | 4 |  4.8
Armour         | 4 |  4.7
Shields        | 4 |  4.7
Dodging        | |  0.2

Action                   |  1- 3 |  4- 6 || total
-------------------------+-------+-------++-------
Melee: War axe           |    84 |    55 ||   139
       Headbutt          |     9 |     8 ||    17
Invok: Ancestor Identity |       |     1 ||     1
  Eat: Chunk             |       |     5 ||     5
Armor: Scale mail        |    40 |    13 ||    53
       Skin              |       |     1 ||     1
Dodge: Dodged            |    42 |    29 ||    71
Block: Shield            |    55 |    36 ||    91
